 Dungeon Sprint DCSS version 0.31-a0-1-g4198be8af4 (webtiles) character file.

Game seed: 9802144325251097440

621 123456 the Fighter (level 7, -1/75 HPs)
             Began as a Minotaur Fighter on May 1, 2023.
             Was an Initiate of Gozag.
             Slain by a centaur warrior (6 damage)
             ... in the Dungeon (Sprint I: "Red Sonja").
             The game lasted 00:00:50 (968 turns).

123456 the Fighter (Minotaur Fighter)                Turns: 968, Time: 00:00:50

Health: -1/75      AC:  8    Str: 22    XL:     7   Next: 22%
Magic:  6/6        EV: 12    Int:  5    God:    Gozag
Gold:   405        SH:  4    Dex: 10    Spells: 6/6 levels left

rFire   . . .        a - +0 flail
rCold   . . .        c - +0 buckler
rNeg    . . .        b - +0 scale mail
rPois   .            (helmet restricted)
rElec   .            (no cloak)
rCorr   .            (no gloves)
SInv    .            (no boots)
Will    .....        (no amulet) Stlth
                     (no ring)
HPRegen 0.32/turn    (no ring)
MPRegen 0.10/turn

%: no teleportation
@: no status effects
A: horns 2, retaliatory headbutt
a: Renounce Religion, Potion Petition, Call Merchant, Bribe Branch


You were in the Dungeon.
You worshipped Gozag.
Gozag was aware of your devotion.
You visited 1 branch You collected 405 gold pieces.

Inventory:

Hand Weapons
 a - a +0 flail (weapon)
Armour
 b - a +0 scale mail (worn)
 c - a +0 buckler (worn)
Wands
 k - a wand of charming (5)
Scrolls
 j - a scroll of blinking
 l - a scroll of identify {unknown}
Potions
 d - a potion of might
 e - a potion of curing
 f - a potion of heal wounds
 g - a potion of haste
 h - 2 potions of magic
 i - a potion of berserk rage


   Skills:
 * Level 11.8 Fighting
 * Level 9.9 Maces & Flails
 + Level 9.5 Armour
 * Level 6.8 Dodging
 + Level 0.5 Stealth
 - Level 3.6 Shields


You had 6 spell levels left.
You didn't know any spells.
Your spell library was empty.

Dungeon Overview and Level Annotations

Branches:
Dungeon (1/1)

Altars:
Cheibriados
Dithmenos
Elyvilon
Fedhas
Gozag
Hepliaklqana
Kikubaaqudgha
Makhleb
Nemelex Xobeh
Okawaru
Qazlal
Ru
Sif Muna
Trog
Uskayaw
Vehumet
Wu Jian
Xom
Yredelemnul
Zin
The Shining One
Jiyva
Lugonu

Shops:
D :


Innate Abilities, Weirdness & Mutations

You have a pair of horns on your head.
You reflexively headbutt those who attack you in melee.


Message History

The centaur warrior unwields a +0 shortbow.
The centaur warrior hits you.
* * * LOW HITPOINT WARNING * * *
The centaur warrior kicks you but does no damage.
The centaur warrior unwields a +0 longbow.
You block the centaur warrior's attack.
The centaur warrior kicks you but does no damage.
Found a trident and a chain mail.
There is a broken door here.
You hit the centaur warrior.
The centaur warrior is lightly wounded.
The centaur warrior misses you. You block the centaur warrior's attack.
The centaur warrior hits you!
* * * LOW HITPOINT WARNING * * *
The centaur warrior kicks you.
* * * LOW HITPOINT WARNING * * *
Unknown command.
Unknown command.
Aiming: Charm
Press: ? - help, Shift-Dir - straight line, f - centaur warrior
Aim: a centaur warrior (lightly wounded, chance to affect: 31%)
The centaur warrior easily resists.
The centaur warrior hits you.
* * * LOW HITPOINT WARNING * * *
The centaur warrior closely misses you. The centaur warrior misses you.
You block the centaur warrior's attack. The centaur warrior hits you.
* * * LOW HITPOINT WARNING * * *
The centaur warrior kicks you but does no damage.
The centaur warrior hits you but does no damage.
The centaur warrior kicks you.
* * * LOW HITPOINT WARNING * * *
Unknown command.
Unknown command.
Unknown command.
Unknown command.
Aiming: Charm
Press: ? - help, Shift-Dir - straight line, f/p - centaur warrior
Aim: a centaur warrior (lightly wounded, chance to affect: 31%)
The centaur warrior easily resists.
The centaur warrior hits you.
You die...
Your body crumbles into a pile of gold.

######################
#<.#..').#..'..#__#..+ $
$$
#..').#..').#..'..'..# $
#..#####'#####'#__#### $
#..####..#...#)####§[# $
#..#__####..##.#§§§.§#$$
#..#_____##'#_.@c§§..+
#⌠⌠#_.∩...'..._#c§§..#$$
####_..__##_.#'##+####
$$#_____###+#[# $
####### ### $ $ $ $ $$
$$ $ $ $ $ $$ $$ $ $ $
$$


You could see 2 centaur warriors.

Vanquished Creatures
  A slime creature (D)
  Sigmund (D)
  A yak (D)
  An ogre (D)
  A jelly (D)
  Ijyb (D)
6 creatures vanquished.

Notes
Turn   | Place    | Note
-------+----------+-------------------------------------------
     0 | D        | 123456 the Minotaur Fighter began the quest for the Orb.
     0 | D        | Reached XP level 1. HP: 19/19 MP: 0/0
     1 | D        | Noticed Ijyb
    18 | D        | Killed Ijyb
    19 | D        | Reached skill level 5 in Fighting
    19 | D        | Reached XP level 2. HP: 13/30 MP: 1/1
   196 | D        | Noticed an ogre
   200 | D        | Killed an ogre
   201 | D        | Reached skill level 8 in Fighting
   201 | D        | Reached skill level 5 in Maces & Flails
   201 | D        | Reached XP level 3. HP: 10/40 MP: 2/2
   201 | D        | Reached XP level 4. HP: 12/48 MP: 3/3
   439 | D        | Noticed Sigmund
   454 | D        | Killed Sigmund
   455 | D        | Reached skill level 10 in Fighting
   455 | D        | Reached skill level 5 in Dodging
   455 | D        | Reached XP level 5. HP: 41/58 MP: 4/4
   455 | D        | Reached XP level 6. HP: 47/66 MP: 5/5
   663 | D        | Found an ornate altar of the Wu Jian Council.
   663 | D        | Found a shimmering blue altar of Sif Muna.
   668 | D        | Found a radiant altar of Vehumet.
   681 | D        | Found a burning altar of Makhleb.
   681 | D        | Found a viscous altar of Jiyva.
   681 | D        | Found a shimmering altar of Xom.
   681 | D        | Found a corrupted altar of Lugonu.
   681 | D        | Noticed a slime creature
   693 | D        | Killed a slime creature
   694 | D        | Reached skill level 11 in Fighting
   915 | D        | Found Cemycin's Book Emporium.
   915 | D        | Found an ancient bone altar of Kikubaaqudgha.
   915 | D        | Found a hazy altar of Hepliaklqana.
   915 | D        | Found a stormy altar of Qazlal.
   915 | D        | Found a hide-covered altar of Uskayaw.
   915 | D        | Found a blossoming altar of Fedhas.
   915 | D        | Found a bloodstained altar of Trog.
   915 | D        | Found an iron altar of Okawaru.
   915 | D        | Found a basalt altar of Yredelemnul.
   915 | D        | Found a glowing golden altar of the Shining One.
   915 | D        | Found a snail-covered altar of Cheibriados.
   915 | D        | Found a sacrificial altar of Ru.
   915 | D        | Found a glowing silver altar of Zin.
   915 | D        | Found a shadowy altar of Dithmenos.
   915 | D        | Found a white marble altar of Elyvilon.
   915 | D        | Noticed a yak
   919 | D        | Killed a yak
   920 | D        | Reached XP level 7. HP: 67/75 MP: 6/6
   920 | D        | Found an opulent altar of Gozag.
   921 | D        | Found a sparkling altar of Nemelex Xobeh.
   926 | D        | Became a worshipper of Gozag Ym Sagoz the Greedy
   960 | D        | Noticed a centaur warrior
   960 | D        | Noticed a centaur warrior
   968 | D        | Slain by a centaur warrior

Illustrated notes

Levels and vault maps discovered:
D:        dungeon_sprint_1 [red_sonja_temple_1, red_sonja_temple_small_1]

Skill      XL: |  1  2  3  4  5  6 |
---------------+-------------------+-----
Fighting       | 5 8 10 11 | 11.8
Maces & Flails | 3 5 7 9 |  9.9
Armour         | 4 6 8 9 |  9.5
Dodging        | 2 3 5 6 |  6.8
Stealth        | |  0.5
Shields        | |  3.6

Action                     |  1- 3 |  4- 6 |  7- 9 || total
---------------------------+-------+-------+-------++-------
  Melee: Flail             |    18 |    26 |     1 ||    45
         Headbutt          |     3 |     5 |       ||     8
  Evoke: Wand              |       |       |     2 ||     2
 Armour: Scale mail        |     2 |     2 |     4 ||     8
  Dodge: Dodged            |     8 |     7 |     6 ||    21
  Block: Buckler           |     1 |     6 |     3 ||    10

Table legend: (Time is in decaauts)
 A = Elapsed time spent in this place.
 B = Non-inter-level travel time spent in this place.
 C = Inter-level travel time spent in this place.
 D = Time resting spent in this place.
 E = Time spent auto-exploring this place.
 F = Levels seen in this place.
 G = Mean time per level.
                   A        B        C        D        E       F      G
               +--------+--------+--------+--------+--------+-----+--------+
         Total |    975 |    975 |      0 |    797 |      1 |   1 |  975.0 |
       Dungeon |    975 |    975 |      0 |    797 |      1 |   1 |  975.0 |
               +--------+--------+--------+--------+--------+-----+--------+

Top non-repeatable levels by time:
       D: 975 daAuts
